 Dungeon Crawl Stone Soup version 0.27-b1-23-g44b8eac545 (webtiles) character file.

Game seed: 11016300417012208942

32 ABBCCCDDDD the Caller (level 3, 0/33 HPs)
             Began as a Troll Summoner on July 27, 2021.
             Slain by Natasha (7 damage)
             ... on level 2 of the Dungeon.
             The game lasted 00:03:13 (856 turns).

ABBCCCDDDD the Caller (Troll Summoner)               Turns: 856, Time: 00:03:14

Health: 0/33       AC:  4    Str: 17    XL:     3   Next: 8%
Magic:  2/3        EV:  9    Int: 11    God:
Gold:   20         SH:  5    Dex: 10    Spells: 3/4 levels left

rFire    . . .     SeeInvis .     - Unarmed
rCold    . . .     Faith    .   (no shield)
rNeg     . . .     Spirit   .   a - +0 robe
rPois    .         Reflect  +   (helmet restricted)
rElec    .         Harm     .   (no cloak)
rCorr    .         Rampage  .   (gloves unavailable)
Will     .....                  (boots unavailable)
Stlth    +.........             d - amulet of reflection
HPRegen  1.11/turn              (no ring)
MPRegen  0.08/turn              (no ring)

@: slowed, very slow
A: large, unfitting armour, claws 3, regeneration 1, shaggy fur 1, tough skin 1
a: no special abilities


You were on level 2 of the Dungeon.
You visited 1 branch of the dungeon, and saw 2 of its levels.

You collected 34 gold pieces.
You spent 14 gold pieces at shops.

Inventory:

Missiles
 b - 26 stones
Armour
 a - a +0 robe (worn)
Jewellery
 d - an amulet of reflection (around neck)
Scrolls
 c - a scroll of amnesia {unknown}
 e - a scroll of teleportation {unknown}
 f - 2 scrolls of identify {unknown}
 g - a scroll of brand weapon {unknown}
 h - a scroll of fog {unknown}


   Skills:
 + Level 1.1 Fighting
 - Level 1.5 Dodging
 - Level 1.0 Stealth
 * Level 2.2 Unarmed Combat
 - Level 1.2 Spellcasting
 - Level 2.9 Summonings


You had 3 spell levels left.
You knew the following spells:

 Your Spells              Type           Power      Damage    Failure   Level
a - Summon Small Mammal   Summ           28%        N/A       10%         1

Your spell library contained the following spells:

 Spells                   Type           Power      Damage    Failure   Level
 Call Imp                 Summ           7%         N/A       14%         2
 Call Canine Familiar     Summ           7%         N/A       28%         3
 Summon Guardian Golem    Hex/Summ       3%         N/A       45%         3
 Summon Lightning Spire   Summ/Air       3%         N/A       86%         4


Dungeon Overview and Level Annotations

Branches:
Dungeon (2/15)

Altars:
Qazlal

Shops:
D:1 !((((

Annotations:
D:2 Natasha, Robin


Innate Abilities, Weirdness & Mutations

You are too large for most types of armour.
You have claws for hands.
Your natural rate of healing is unusually fast.
You are covered in fur. (AC +1)
You have tough skin. (AC +1)


Message History

The white imp hits you but does no damage.
You scratch Natasha but do no damage.
Natasha is moderately wounded.
You block Natasha's attack.
The white imp hits you but does no damage.
The crimson imp hits you. Natasha closely misses you.
You claw Natasha!
Natasha is severely wounded.
You block the white imp's attack.
The crimson imp hits you but does no damage.
Natasha closely misses you. The white imp misses you.
You block the crimson imp's attack.
You completely miss Natasha.
Natasha is severely wounded.
Natasha misses you.
The white imp hits you but does no damage.
The crimson imp barely misses you.
Natasha howls an incantation.
Natasha glows brightly for a moment.
Natasha casts a spell at you. The magic dart hits you.
You closely miss Natasha.
Natasha is severely wounded.
The white imp hits you. The white imp freezes you.
The crimson imp hits you but does no damage.
Natasha barely misses you.
The white imp grins evilly.
The white imp hits you but does no damage.
You barely miss Natasha.
Natasha is severely wounded.
The crimson imp hits you but does no damage.
Natasha claws you but does no damage.
The white imp grins evilly.
The white imp gestures at you. The puff of frost hits you!
* * * LOW HITPOINT WARNING * * *
The crimson imp hits you.
* * * LOW HITPOINT WARNING * * *
Natasha claws you!
You die...

######### #.......# #####
##########.....5@##......
.........'......5h5..^...
##########.......#..._...
....# #.......##......
#..##########'#### ......
..........# #.# ##...
#...#####.# #.# .. #...#
#.# . #...# #.#


You could see Natasha, a crimson imp (summoned) and 2 white imps.

Vanquished Creatures
  2 dart slugs (D:1)
  2 ball pythons (D:1)
  An endoplasm (D:1)
  A giant cockroach (D:1)
  2 goblins (D:1)
  7 hobgoblins
  3 jackals (D:1)
  2 kobolds (D:1)
  A quokka (D:1)
  A rat (D:1)
22 creatures vanquished.

Notes
Turn   | Place    | Note
-------+----------+-------------------------------------------
     0 | D:1      | ABBCCCDDDD the Troll Summoner began the quest for the Orb.
     0 | D:1      | Reached XP level 1. HP: 16/16 MP: 1/1
    26 | D:1      | Found Zoogegri's Antique Weapon Shop.
    91 | D:1      | Found Erulak's Weapon Emporium.
   184 | D:1      | Reached skill level 1 in Unarmed Combat
   242 | D:1      | Found Qyme's Distillery.
   261 | D:1      | Reached XP level 2. HP: 26/26 MP: 0/2
   317 | D:1      | Found Rockil Foedu's Weapon Shoppe.
   469 | D:1      | Found Dumonus's Weapon Shop.
   475 | D:1      | Reached skill level 1 in Fighting
   567 | D:1      | Bought a potion of degeneration for 14 gold pieces
   678 | D:2      | Noticed Robin
   688 | D:1      | Reached XP level 3. HP: 33/33 MP: 3/3
   811 | D:2      | Found a stormy altar of Qazlal.
   811 | D:2      | Noticed Natasha
   856 | D:2      | Slain by Natasha

Illustrated notes

Levels and vault maps discovered:
D:1:      minmay_arrival_solitary_statue, layout_loops_ring, serial_glass,
          glass_columns_c, glass_columns_a, glass_columns_c, glass_columns_a,
          glass_columns_a, glass_columns_a, glass_columns_a, glass_columns_a,
          glass_columns_a, glass_columns_a, serial_shops, shop, shop,
          nicolae_diamond_shop, nicolae_shop_window_shopping, shop_fountains
D:2:      layout_basic, basic_altar, dreamdust_ecumenical_altar_statues,
          minmay_lizard_king, uniq_robin, uniq_natasha, uniq_jessica

Skill      XL: |  1  2 |
---------------+-------+-----
Unarmed Combat | 1 2 |  2.2
Fighting       | 1 |  1.1
Dodging        | |  1.5
Stealth        | |  1.0
Spellcasting   | |  1.2
Summonings     | |  2.9

Action                   || total
-------------------------++-------
Melee: Unarmed           ||    80
 Cast: Summon Small Mamm ||     9
Armor: Robe              ||    25
Dodge: Dodged            ||    31
Block: Other             ||    19
       Reflection        ||     2
